 Dungeon Crawl Stone Soup version 0.30-a0-760-g5a9884bb7c (webtiles) character file.

Game seed: 14986355606333370738

457 tilp the Slasher (level 7, -4/59 HPs)
             Began as a Meteoran Fighter on Feb 10, 2023.
             Was an Initiate of Okawaru.
             Slain by an ogre
             ... wielding a +0 giant club
              (28 damage)
             ... on level 5 of the Dungeon.
             The game lasted 00:07:07 (1158 turns).

tilp the Slasher (Meteoran Fighter)                 Turns: 1158, Time: 00:07:08

Health: -4/59      AC: 10    Str: 23    XL:     7   Next: 52%
Magic:  8/8        EV:  9    Int: 10    God:    Okawaru [......]
Gold:   75         SH:  5    Dex: 16    Spells: 6/6 levels left

rFire   . . .      SeeInvis .    a - +0 long sword
rCold   . . .      Faith    .    c - +0 buckler
rNeg    . . .      Spirit   .    f - +1 chain mail
rPois   .          Reflect  .    (no helmet)
rElec   .          Harm     .    (no cloak)
rCorr   .          Rampage  .    (no gloves)
Will    .....                    (no boots) Stlth
                                 j - amulet of the acrobat
HPRegen 0.29/turn                e - +6 ring of strength
MPRegen 0.11/turn                (no ring)

@: glowing
A: sense surroundings 1, otherworldly, glowing, explore regen
a: Renounce Religion


You were on level 5 of the Dungeon.
You worshipped Okawaru.
Okawaru was noncommittal.
You visited 2 branches of the dungeon, and saw 6 of its levels.
You also visited: Sewer.

You collected 75 gold pieces.

Inventory:

Hand Weapons
 a - a +0 long sword (weapon)
Armour
 b - an orb of light
 c - a +0 buckler (worn)
 f - a +1 chain mail (worn)
 m - +0 ice dragon scales
Jewellery
 e - a +6 ring of strength (left hand)
 j - an amulet of the acrobat (around neck)
Wands
 d - a wand of flame (15)
Scrolls
 g - 2 scrolls of fear
 h - a scroll of teleportation
Potions
 i - 3 potions of curing
 k - a potion of brilliance
 l - 4 potions of magic {unknown}
 n - a potion of cancellation {unknown}
 o - a potion of resistance {unknown}


   Skills:
 - Level 4.0 Fighting
 * Level 5.6 Long Blades
 - Level 4.0 Armour
 - Level 4.0 Dodging
 - Level 2.0 Stealth
 - Level 4.0 Shields
 - Level 2.0 Evocations


You had 6 spell levels left.
You didn't know any spells.
Your spell library contained the following spells:

 Spells                   Type           Power      Damage    Failure   Level
 Sublimation of Blood     Necr           0%         N/A       99%         2
 Petrify                  Tmut/Erth      0%         N/A       100%        4
 Irradiate                Conj/Tmut      0%         3d11      100%        5
 Malign Gateway           Summ/Tloc      Unusable   N/A       N/A         7
 Summon Horrible Things   Summ           Unusable   N/A       N/A         8

Dungeon Overview and Level Annotations

Branches:
Dungeon (5/15) Zot: 2199   Temple (1/1) D:4 Zot: 548   Sewer (visited)

Altars:
Dithmenos
Elyvilon
Hepliaklqana
Makhleb
Okawaru
Trog
Vehumet
Wu Jian
Zin
The Shining One
Lugonu

Shops:
D:4 *


Innate Abilities, Weirdness & Mutations

You passively map a small area around you.
You are easily found by Zot.
You glow in the dark.
You regain HP and MP as you explore.


Message History

You hit the ogre.
The ogre is almost dead.
The ogre hits you but does no damage.
You barely miss the ogre.
The ogre is almost dead.
The ogre completely misses you.
You slash the ogre!
You kill the ogre!
Okawaru is honoured by your kill.
Training target 4.0 for Dodging reached!
Your Dodging skill increases to level 4!
Things that are here:
a +0 giant club; an ogre corpse
Found 8 stones.
Found a sedimented red potion.
n - a sedimented red potion You open the door.
Found a glowing silver altar of Zin.
Found a sedimented puce potion.
o - a sedimented puce potion
Found a stone staircase leading up.
There is a stone staircase leading up here.
You climb upwards.
There is a stone staircase leading down here.
You climb downwards.
There is a stone staircase leading up here.
An ogre comes into view. It is wielding a +0 giant club.
The ogre shouts!
You hit the ogre.
The ogre is lightly wounded.
The ogre hits you with a +0 giant club!!
You slash the ogre!
The ogre is heavily wounded.
The ogre hits you with a +0 giant club!
You slash the ogre!
The ogre is severely wounded.
You hit the ogre.
The ogre is almost dead.
The ogre hits you with a +0 giant club!!
You die...

#...#.#.. * ##..##.#
.* .# * #...#...
##.## ..#.#._. ,
**#...##* * ..+.#, ,
,, , ..... ,, #.#.# ,
, * #... * * ..#.. ,
#.. * * #.##. .. *
#O# * ..# .# .# #@#
..## #+#.# #.##### ,
, ...#, ...# #.....#
* ##.#**#..# #####.#
* ##.####.##### #.# *
............# #.#
##.#......#.# #.# ,
#.#......#.# #.# ,
#.#....#.#.########.#


You could see an ogre.

Vanquished Creatures
  An ogre (D:5)
  2 bullfrogs (Sewer)
  A scorpion (D:4)
  A hound (D:5)
  8 river rats
  3 adders (Sewer)
  2 dart slugs (D:1)
  2 bats (D:3)
  An endoplasm (Sewer)
  A giant cockroach (D:4)
  3 jackals (D:2)
  16 ball pythons
  3 frilled lizards (Sewer)
  A goblin (D:4)
  A kobold (D:1)
  25 rats
71 creatures vanquished.

Notes
Turn   | Place    | Note
-------+----------+-------------------------------------------
     0 | D:1      | tilp the Meteoran Fighter began the quest for the Orb.
     0 | D:1      | Reached XP level 1. HP: 19/19 MP: 2/2
    71 | D:1      | Reached XP level 2. HP: 21/26 MP: 3/3
    91 | D:1      | Found a faded altar of an unknown god.
   190 | D:3      | Found a white marble altar of Elyvilon.
   195 | D:3      | Found a radiant altar of Vehumet.
   195 | D:3      | Found a glowing golden altar of the Shining One.
   202 | D:3      | Found a bloodstained altar of Trog.
   277 | D:4      | Noticed a scorpion
   282 | D:4      | Killed a scorpion
   283 | D:4      | Reached skill level 3 in Long Blades
   283 | D:4      | Reached skill level 1 in Dodging
   283 | D:4      | Reached skill level 1 in Stealth
   283 | D:4      | Reached XP level 3. HP: 26/31 MP: 4/4
   283 | D:4      | Reached XP level 4. HP: 32/38 MP: 5/5
   388 | D:4      | Found a glowing drain.
   400 | D:4      | Reached XP level 5. HP: 41/45 MP: 6/6
   413 | Sewer    | Entered a sewer
   568 | Sewer    | Reached skill level 1 in Evocations
   639 | Sewer    | Reached XP level 6. HP: 28/52 MP: 7/7
   650 | Sewer    | Reached skill level 4 in Long Blades
   702 | Sewer    | Reached XP level 7. HP: 23/59 MP: 8/8
   754 | D:4      | Found Oretyzacs's Assorted Antiques.
   756 | D:5      | Entered Level 5 of the Dungeon
   856 | D:4      | Found a staircase to the Ecumenical Temple.
   865 | Temple   | Entered the Ecumenical Temple
   898 | Temple   | Became a worshipper of Warmaster Okawaru
   987 | D:5      | Reached skill level 5 in Long Blades
  1091 | D:5      | Found a glowing silver altar of Zin.
  1158 | D:5      | Slain by an ogre

Illustrated notes

Levels and vault maps discovered:
D:1:      wander_arrival_abandoned_jail, layout_basic, serial_shops,
          shop_statue, shop, shop, shop, nicolae_shop_crystal,
          hellmonk_ecumenical_altar_defaced_shrine
D:2:      layout_basic
D:3:      layout_basic, minitemple
D:4:      layout_gridville, temple_hall, serial_shops,
          nicolae_inconvenience_store, shop, portal_sewer_entry_b,
          kennysheep_decorative_pillar
D:5:      layout_loops_corners, nicolae_sif_muna_little_library,
          mainiacjoe_overflow_catwalk_spiral,
          mainiacjoe_overflow_surrounded_room
Temple:   kb_corrupted_temple

Skill      XL: |  1  2  3  4  5  6  7 |
---------------+----------------------+-----
Long Blades    | 3 4 5 |  5.6
Dodging        | 1 2 3 4 |  4.0
Stealth        | 1 2 |  2.0
Shields        | 4 |  4.0
Armour         | 4 |  4.0
Evocations     | 1 2 |  2.0
Fighting       | 4 |  4.0

Action                     |  1- 3 |  4- 6 |  7- 9 || total
---------------------------+-------+-------+-------++-------
  Melee: Long sword        |    31 |    85 |    36 ||   152
  Evoke: Wand              |       |    14 |     1 ||    15
    Use: Scroll            |     1 |     3 |     2 ||     6
         Potion            |     1 |       |       ||     1
 Armour: Scale mail        |    19 |       |       ||    19
         Chain mail        |       |   111 |    19 ||   130
  Dodge: Dodged            |    13 |    53 |    14 ||    80
  Block: Buckler           |     7 |    38 |     8 ||    53

Table legend: (Time is in decaauts)
 A = Elapsed time spent in this place.
 B = Non-inter-level travel time spent in this place.
 C = Inter-level travel time spent in this place.
 D = Time resting spent in this place.
 E = Time spent auto-exploring this place.
 F = Levels seen in this place.
 G = Mean time per level.
                   A        B        C        D        E       F      G
               +--------+--------+--------+--------+--------+-----+--------+
         Total |   1250 |   1177 |     73 |      0 |      0 |   7 |  178.6 |
       Dungeon |    799 |    744 |     55 |      0 |      0 |   5 |  159.8 |
        Temple |     51 |     33 |     18 |      0 |      0 |   1 |   51.0 |
         Sewer |    399 |    399 |      0 |      0 |      0 |   1 |  399.0 |
               +--------+--------+--------+--------+--------+-----+--------+

Top non-repeatable levels by time:
   Sewer: 399 daAuts
     D:4: 294 daAuts
     D:5: 210 daAuts
     D:3: 145 daAuts
     D:1: 102 daAuts
  Temple: 51 daAuts
     D:2: 46 daAuts
